AoeStats
← BartBroz

Arabia

509010818Analyzed
3v3 RM · 7d ago on Sep 25, 2026· 67m 56s· 6 players
Game mode
Random Map
Map size
Normal (6 player)
Population
200
Speed
Normal
Resources
Standard
Victory
Conquest
Starting age
Dark Age
Ending age
Imperial Age
RankedLock teamsTeams togetherTeam positionsShared explorationLock speedFull tech treeHidden civsTurbo modeCheats
Victory
Defeat
🇺🇸 Burmese · United States
985
+9
🇺🇸 Bohemians · United States
918
+12
🇺🇸 Magyars · United States
905
+12
🇧🇷 Magyars · Brazil
922
-14
🇧🇷 Lithuanians · Brazil
845
-12
🇧🇷 Persians · Brazil
713
-7
LaBoka69
6:51 Loom
9:09 Feudal Age
14:39 Castle Age
16:50 Double-Bit Axe
18:03 Wheelbarrow
20:55 Husbandry
23:39 Horse Collar
26:46 Bow Saw
28:53 Gold Mining
29:59 Forging
32:19 Heavy Plow
33:45 Scale Mail Armor
37:25 Imperial Age
37:03 Hand Cart
38:07 Bloodlines
38:36 Iron Casting
38:16 Chain Mail Armor
38:01 Treadmill Crane
38:41 Ballistics
38:03 Cavalier
39:57 Paladin
41:06 Conscription
42:53 Chemistry
43:09 Scale Barding Armor
46:49 Chain Barding Armor
50:22 Coinage
53:59 Plate Barding Armor
56:42 Crop Rotation
59:50 Elite Skirmisher
63:33 Fletching
Cutin Mele
2:32 Loom
11:10 Feudal Age
14:17 Town Watch
14:16 Horse Collar
18:31 Wheelbarrow
17:43 Double-Bit Axe
19:46 Gold Mining
25:33 Castle Age
23:51 Scale Barding Armor
23:57 Bloodlines
26:59 Chain Barding Armor
26:41 Husbandry
29:09 Gold Shaft Mining
29:42 Padded Archer Armor
29:33 Fletching
31:16 Leather Archer Armor
32:29 Stone Mining
33:39 Bodkin Arrow
34:32 Town Patrol
37:09 Hand Cart
41:18 Imperial Age
39:51 Heavy Plow
40:03 Bow Saw
42:24 Conscription
42:21 Corvinian Army
41:47 Cavalier
44:26 Two-Man Saw
44:25 Parthian Tactics
55:38 Ring Archer Armor
57:20 Scale Mail Armor
57:03 Elite Skirmisher
61:12 Chain Mail Armor
BartBroz
5:32 Loom
11:59 Feudal Age
18:00 Double-Bit Axe
18:38 Man-at-Arms
24:31 Wheelbarrow
33:29 Castle Age
33:26 Fletching
33:37 Padded Archer Armor
44:14 Horse Collar
44:28 Gold Mining
49:05 Hand Cart
48:36 Town Watch
49:09 Heavy Plow
49:03 Stone Mining
49:49 Gold Shaft Mining
53:06 Fervor
53:19 Elite Skirmisher
54:04 Kamandaran
im just gettin lucky
10:35 Feudal Age
11:01 Double-Bit Axe
10:57 Horse Collar
17:20 Wheelbarrow
19:45 Castle Age
23:06 Bow Saw
22:59 Heavy Plow
29:45 Stone Mining
32:48 Hand Cart
33:50 Scale Barding Armor
34:25 Fletching
37:42 Imperial Age
38:56 Conscription
39:57 Chain Barding Armor
39:49 Corvinian Army
39:11 Elite Magyar Huszar
42:46 Plate Barding Armor
53:12 Husbandry
53:22 Bloodlines
52:33 Light Cavalry
54:29 Hussar
krook
6:55 Loom
11:02 Feudal Age
12:00 Double-Bit Axe
11:56 Horse Collar
17:26 Forging
17:16 Scale Mail Armor
21:38 Scale Mail Armor
25:43 Castle Age
28:39 Bow Saw
28:31 Heavy Plow
28:26 Fletching
29:21 Pikeman
33:47 Murder Holes
48:32 Wheelbarrow
49:41 Squires
56:11 Imperial Age
54:41 Caravan
56:58 Chemistry
56:18 Chain Mail Armor
56:13 Forging
57:29 Halberdier
57:57 Arson
59:07 Plate Mail Armor
59:12 Iron Casting
60:26 Conscription
63:14 Siege Engineers
63:32 Ballistics
63:30 Houfnice
Helot_boy_Xeones
3:14 Loom
12:03 Feudal Age
12:47 Horse Collar
13:45 Fletching
15:37 Town Watch
17:10 Padded Archer Armor
21:05 Gold Mining
22:03 Stone Mining
25:37 Wheelbarrow
28:49 Castle Age
28:57 Crossbowman
29:37 Bodkin Arrow
32:08 Gold Shaft Mining
33:12 Hand Cart
34:10 Heavy Plow
34:41 Ballistics
37:08 Squires
41:00 Forging
40:51 Scale Mail Armor
41:00 Scale Barding Armor
44:46 Iron Casting
44:31 Chain Barding Armor
43:34 Pikeman
48:29 Imperial Age
47:04 Chain Mail Armor
48:39 Town Patrol
50:36 Blast Furnace
50:07 Plate Mail Armor
50:25 Conscription
50:07 Manipur Cavalry
50:10 Halberdier
52:44 Bloodlines
52:35 Husbandry
51:55 Light Cavalry
56:25 Chemistry
55:36 Masonry
55:07 Treadmill Crane
55:33 Siege Engineers
57:11 Crop Rotation
59:09 Architecture
58:36 Murder Holes
61:30 Caravan
61:42 Guilds
62:02 Coinage
64:01 Elite Arambai
66:40 Banking
Connection lost

Rejoining the realm…

Still unreachable

The connection could not be restored.

Session expired

The server has moved on; the page needs a fresh start.